 Dungeon Crawl Stone Soup version 0.29.1-13-g9f3cf754e1 (webtiles) character file.

Game seed: 6819253997486851253

81 Peloso the Shield-Bearer (level 4, 41/41 HPs)
             Began as a Minotaur Fighter on Jan 22, 2023.
             Got out of the dungeon alive.
             The game lasted 00:03:01 (2059 turns).

Peloso the Shield-Bearer (Minotaur Fighter)         Turns: 2059, Time: 00:03:01

Health: 41/41      AC:  7    Str: 25    XL:     4   Next: 19%
Magic:  3/3        EV:  9    Int:  4    God:
Gold:   67         SH:  4    Dex: 10    Spells: 3/3 levels left

rFire   . . .      SeeInvis .   a - +0 long sword
rCold   . . .      Faith    .   c - +0 buckler
rNeg    . . .      Spirit   .   b - +0 scale mail
rPois   .          Reflect  .   (helmet unavailable)
rElec   .          Harm     .   (no cloak)
rCorr   .          Rampage  .   (no gloves)
Will    .....                   (no boots)
Stlth   +.........              (no amulet)
HPRegen 0.13/turn               (no ring)
MPRegen 0.08/turn               (no ring)

@: no status effects
A: horns 3, retaliatory headbutt, camouflage 1, strong 1
a: no special abilities


You escaped.
You visited 1 branch of the dungeon, and saw 2 of its levels.

You collected 67 gold pieces.

Inventory:

Hand Weapons
 a - a +0 long sword (weapon)
Armour
 b - a +0 scale mail (worn)
 c - a +0 buckler (worn)
Jewellery
 e - a ring of willpower
Scrolls
 f - a scroll of identify
 g - a scroll of summoning
 h - 2 scrolls of teleportation {unknown}
 i - a scroll of butterflies {unknown}
Potions
 d - a potion of might


   Skills:
 + Level 4.3 Fighting
 + Level 3.4 Long Blades
 + Level 4.3 Armour
 + Level 0.2 Dodging
 + Level 4.4 Shields


You had 3 spell levels left.
You didn't know any spells.
Your spell library contained the following spells:

 Spells                   Type           Power      Damage    Failure   Level
 Ensorcelled Hibernation  Hex/Ice        0%         N/A       95%         2
 Passwall                 Tmut/Erth      0%         N/A       95%         2
 Swiftness                Air            0%         N/A       99%         3


Dungeon Overview and Level Annotations

Branches:
Dungeon (2/15)

Altars:


Innate Abilities, Weirdness & Mutations

You have a pair of large horns on your head.
You reflexively headbutt those who attack you in melee.
Your skin changes colour to match your surroundings (Stealth+).
Your muscles are strong. (Str +4, Int/Dex -1)


Message History

The orc hits you with a +0 club. x2
You closely miss the orc.
The orc is moderately wounded.
The orc hits you but does no damage.
You closely miss the orc.
The orc is moderately wounded.
The orc hits you but does no damage.
You slash the orc!
You kill the orc!
You see here a +0 club.
You pick up a book of Burglary and begin reading...
You add the spells Passwall, Ensorcelled Hibernation and Swiftness to your library.
There is a stone staircase leading up here.
There is a stone staircase leading up here.
There is an escape hatch in the floor here.
You see here 6 stones.
You now have 67 gold pieces (gained 11).
Found a stone staircase leading up.
There is a stone staircase leading up here.
Done exploring.
Done exploring.
Done exploring.
Search for what [? for help]? weapon Search for what [Enter for "weapon", or ? for help]? armour It was a potion of mutation.
You feel extremely strange.
Your skin functions as natural camouflage.
The horns on your head grow some more.
You feel stronger.
Unknown command.
(D) Dungeon
Where to? (Enter - D:12, ? - help)
What level of the Dungeon? (default 1, ? - help)
There is a stone staircase leading up here.
You climb upwards.
There is a stone staircase leading down here.
There is an open door here.
There is a staircase leading out of the dungeon here.
Are you sure you want to leave the Dungeon?
This will make you lose the game!
Alright, then stay!
Are you sure you want to leave the Dungeon?
This will make you lose the game!
You have escaped!

.###....#..#.....................
.# #.......#.....................
.# #............................†
.###....>......#########.##......
.........######### ##.####....
.......##.### #.# ###.## #....
.......###..####'####..## #....
.......# ###..'...'..### #....
.......# ####.@.#### #...[
.......# ###..'...'..### #....
.......###..####'####..## #....
.......##.### #.# ###.# #....
########.## #.# ### #.... ### ###
#.... #.... #####


There were no monsters in sight!

Vanquished Creatures
  4 adders (D:2)
  A worm (D:2)
  A dart slug (D:1)
  An orc (D:2)
  2 ball pythons (D:1)
  4 bats
  4 endoplasms
  A giant cockroach (D:1)
  2 goblins (D:1)
  4 hobgoblins
  4 quokkas
  3 frilled lizards (D:1)
  A kobold (D:1)
  6 rats
38 creatures vanquished.

Notes
Turn   | Place    | Note
-------+----------+-------------------------------------------
     0 | D:1      | Peloso the Minotaur Fighter began the quest for the Orb.
     0 | D:1      | Reached XP level 1. HP: 19/19 MP: 0/0
    40 | D:1      | Noticed a floating eye
    45 | D:1      | Found a faded altar of an unknown god.
    47 | D:1      | Noticed an eye of devastation
    47 | D:1      | Noticed a great orb of eyes
    47 | D:1      | Noticed a great orb of eyes
   156 | D:1      | Reached XP level 2. HP: 23/27 MP: 1/1
   731 | D:2      | Reached XP level 3. HP: 33/33 MP: 2/2
  1172 | D:2      | Reached XP level 4. HP: 40/40 MP: 3/3
  2045 | D:2      | Gained mutation: Your skin changes colour to match your
                  | surroundings (Stealth+). [potion of mutation]
  2045 | D:2      | Gained mutation: You have a pair of large horns on your
                  | head. [potion of mutation]
  2045 | D:2      | Gained mutation: Your muscles are strong. (Str +4, Int/Dex
                  | -1) [potion of mutation]
  2059 | D:$      | Got out of the dungeon alive.

Illustrated notes

Levels and vault maps discovered:
D:1:      dpeg_arrival_radiant, layout_basic,
          hellmonk_ecumenical_altar_watching_god, minmay_cut_off
D:2:      layout_basic, minmay_distorted

Skill      XL: |  1  2  3 |
---------------+----------+-----
Shields        | 4 |  4.4
Armour         | 4 |  4.3
Fighting       | 4 |  4.3
Long Blades    | 3 |  3.4
Dodging        | |  0.2

Action                   |  1- 3 |  4- 6 || total
-------------------------+-------+-------++-------
Melee: Long sword        |    72 |    20 ||    92
       Headbutt          |    13 |     5 ||    18
  Use: Potion            |     2 |     1 ||     3
       Scroll            |     1 |       ||     1
Armor: Scale mail        |    38 |     6 ||    44
Dodge: Dodged            |    30 |     4 ||    34
Block: Buckler           |    23 |     4 ||    27
